 Dungeon Crawl Stone Soup version 0.19-a0-743-ge0d55e4 (webtiles) character file.

82 pisswolf the Slasher (level 4, -1/49 HPs)
             Began as a Demonspawn Gladiator on June 23, 2016.
             Killed from afar by an orc wizard (6 damage)
             ... with a magic dart
             ... on level 3 of the Dungeon.
             The game lasted 00:05:28 (2603 turns).

pisswolf the Slasher (Demonspawn Gladiator)         Turns: 2603, Time: 00:05:29

Health: -1/49      AC:  4    Str: 21    XL:     4   Next: 21%
Magic:  4/4        EV: 12    Int:  9    God:
Gold:   103        SH:  0    Dex: 14    Spells: 0 memorised, 3 levels left

rFire  . . .     SeeInvis .     a - +1 long sword
rCold  . . .     Gourm    .     e - -1 ring mail (curse)
rNeg   . . .     Faith    .     (no shield)
rPois  .         Spirit   .     (helmet restricted)
rElec  .         Dismiss  .     (no cloak)
rCorr  .         Reflect  .     (no gloves)
SustAt +         Harm     .     (no boots)
MR     +....                    (no amulet)
Stlth  ..........               p - ring of protection from magic
                                o - ring of sustain attributes

@: berserking, very quick, somewhat resistant to hostile enchantments, extremely
unstealthy
A: antennae 2
a: no special abilities


You were on level 3 of the Dungeon.
You were not hungry.

You visited 1 branch of the dungeon, and saw 3 of its levels.

You collected 103 gold pieces.

Inventory:

Hand Weapons
 a - a +1 long sword (weapon)
Missiles
 d - 2 throwing nets (quivered)
Armour
 e - a cursed -1 ring mail (worn)
Jewellery
 h - an uncursed ring of ice
 o - a ring of sustain attributes (left hand)
 p - a ring of protection from magic (right hand)
Potions
 n - a potion of curing {unknown}
Comestibles
 f - 2 bread rations
 j - a fruit
 l - 2 meat rations


   Skills:
 - Level 2.0 Fighting
 + Level 4.6 Long Blades
 - Level 1.7 Throwing
 - Level 2.6 Dodging


You had 3 spell levels left.
You didn't know any spells.

Dungeon Overview and Level Annotations

Branches:
Dungeon (3/15)

Altars:
Makhleb
Pakellas
Ru


Innate Abilities, Weirdness & Mutations

You have a pair of antennae on your head.


Message History

You barely miss the orc wizard.
The orc wizard is lightly wounded.
The orc wizard hits you with a dagger. The orc barely misses you.
The goblin misses you. The orc wizard hits you with a dagger.
* * * LOW HITPOINT WARNING * * *
You are too injured to fight recklessly!
You are too injured to fight recklessly!
You're too hungry to go berserk.
Eat which item? (? for menu, Esc to quit)
The orc hits you.
* * * LOW HITPOINT WARNING * * *
The goblin misses you. The orc barely misses you. The orc wizard misses you.
Yeuchh!
Anchovies.
A red film seems to cover your vision as you go berserk!
You feel yourself moving faster!
You feel mighty! The orc hits you.
* * * LOW HITPOINT WARNING * * *
The goblin closely misses you. The orc hits you but does no damage.
The orc wizard gestures at you while chanting.
The magic dart hits you!
You die...

.......................
#.......................
........................
........................
........................
..........$...........##
......................##
#.....g.................
.<....o@.......<......##
......oo................
......................#.
...[..................#.
......................#
..#..................##
. ................>.#
.#............


You could see an orc wizard, 2 orcs and a goblin.

Vanquished Creatures
  4 adders (D:2)
  A worm (D:3)
  A dart slug (D:1)
  2 orcs
  2 ball pythons
  6 bats
  7 giant cockroaches
  A hobgoblin (D:2)
  3 jackals (D:2)
  A giant newt (D:1)
  4 goblins
  4 kobolds
  3 rats
39 creatures vanquished.

Vanquished Creatures (others)
  A dart slug (D:1)
  A ball python (D:1)
2 creatures vanquished.

Grand Total: 41 creatures vanquished

Notes
Turn   | Place    | Note
--------------------------------------------------------------
     0 | D:1      | pisswolf the Demonspawn Gladiator began the quest for the Orb.
     0 | D:1      | Reached XP level 1. HP: 16/16 MP: 1/1
     2 | D:1      | Noticed a gargoyle
     2 | D:1      | Noticed a spriggan
     4 | D:1      | Noticed a dwarf
     4 | D:1      | Noticed an octopode
     6 | D:1      | Noticed a vampire
     8 | D:1      | Noticed an elf
     8 | D:1      | Noticed a tengu
    12 | D:1      | Noticed a halfling
    12 | D:1      | Noticed a troll
    14 | D:1      | Noticed a minotaur
    16 | D:1      | Noticed a draconian
    16 | D:1      | Noticed a ghoul
    18 | D:1      | Noticed a merfolk
    18 | D:1      | Noticed a naga
    20 | D:1      | Noticed a centaur
    20 | D:1      | Noticed a felid
    22 | D:1      | Noticed a vine stalker
    22 | D:1      | Noticed a formicid
    24 | D:1      | Noticed a demigod
    24 | D:1      | Noticed an ogre
    26 | D:1      | Noticed a human
    26 | D:1      | Noticed a demonspawn
   180 | D:1      | Reached skill level 3 in Long Blades
   284 | D:1      | Gained mutation: You have a pair of small antennae on your head. [demonic ancestry]
   284 | D:1      | Reached XP level 2. HP: 18/22 MP: 2/2
   950 | D:2      | Found a sacrificial altar of Ru.
   953 | D:2      | Found an oddly glowing altar of Pakellas.
   997 | D:2      | Reached XP level 3. HP: 21/27 MP: 3/3
  1084 | D:2      | Reached skill level 4 in Long Blades
  1665 | D:2      | Found a burning altar of Makhleb.
  1865 | D:2      | Gained mutation: You have a pair of antennae on your head. [demonic ancestry]
  1865 | D:2      | Reached XP level 4. HP: 33/33 MP: 4/4
  2603 | D:3      | Killed from afar by an orc wizard

Vault maps used:
D:1:      kb_arrival_jail, lemuel_flame_loot_1
D:2:      lightli_temple_of_fire, minitemple
D:3:      nicolae_overflow_hidden_temple, first_bread

Skill      XL: |  1  2  3 |
---------------+----------+-----
Long Blades    | 3 4 |  4.6
Fighting       | |  2.0
Throwing       | |  1.7
Dodging        | |  2.6

Action                   |  1- 3 |  4- 6 || total
-------------------------+-------+-------++-------
Melee: Long sword        |   105 |    20 ||   125
Throw: Throwing net      |       |     1 ||     1
  Use: Scroll            |       |     5 ||     5
       Potion            |       |     1 ||     1
  Eat: Chunk             |     2 |       ||     2
       Fruit             |     1 |     1 ||     2
       Pizza             |       |     1 ||     1
Armor: Leather armour    |    33 |       ||    33
       Ring mail         |       |     3 ||     3
Dodge: Dodged            |   101 |    17 ||   118
